 Dungeon Crawl Stone Soup version 0.29-a0-222-g5b244fca1f (webtiles) character file.

Game seed: 5101418266183195490

10307 siradein the Fighter (level 11, -9/99 HPs)
             Began as a Ghoul Fighter on Feb 28, 2022.
             Was an Elder of Makhleb.
             Mangled by a sixfirhy (11 damage)
             ... summoned by a kobold demonologist
             ... on level 10 of the Dungeon.
             The game lasted 00:39:11 (14453 turns).

siradein the Fighter (Ghoul Fighter)               Turns: 14453, Time: 00:39:13

Health: -9/99      AC: 15    Str: 25    XL:     11   Next: 60%
Magic:  0/15       EV: 12    Int:  3    God:    Makhleb [****..]
Gold:   761        SH:  5    Dex:  8    Spells: 10/10 levels left

rFire   . . .      SeeInvis .   g - +2 short sword (venom)
rCold   + . .      Faith    .   c - +0 buckler
rNeg    + + +      Spirit   +   J - +2 chain mail {Will+}
rPois   ∞          Reflect  .   y - +0 helmet
rElec   .          Harm     .   i - +0 cloak
rCorr   .          Rampage  .   (no gloves)
Will    +....                   (no boots)
Stlth   ..........              E - amulet of guardian spirit
HPRegen 0.00/turn               t - ring of flight
MPRegen 0.14/turn               F - +4 ring of evasion

@: flying, inhibited regen
A: claws 1, cold resistance 1, negative energy resistance 3, inhibited
regeneration, torment resistance 2
a: Renounce Religion, Minor Destruction, Lesser Servant of Makhleb, Major
Destruction


You were on level 10 of the Dungeon.
You worshipped Makhleb.
Makhleb was greatly pleased with you.
You visited 2 branches of the dungeon, and saw 11 of its levels.
You also visited: Sewer.

You collected 761 gold pieces.

Inventory:

Hand Weapons
 a - a +0 long sword
 g - a +2 short sword of venom (weapon)
Missiles
 l - 5 curare-tipped darts
 p - 119 poisoned darts (quivered)
Armour
 c - a +0 buckler (worn)
 i - a +0 cloak (worn)
 y - a +0 helmet (worn)
 J - a +2 chain mail of willpower (worn)
Jewellery
 t - a ring of flight (left claw)
 E - an amulet of guardian spirit (around neck)
 F - a +4 ring of evasion (right claw)
 G - an amulet of magic regeneration
Wands
 s - a wand of digging (3)
 z - a wand of polymorph (1)
 C - a wand of flame (12)
 D - a wand of iceblast (7)
Scrolls
 b - 3 scrolls of blinking {unknown}
 e - 2 scrolls of enchant weapon {unknown}
 f - 3 scrolls of magic mapping {unknown}
 j - 2 scrolls of summoning {unknown}
 m - 4 scrolls of teleportation {unknown}
 n - 2 scrolls of noise {unknown}
 r - 2 scrolls of amnesia {unknown}
 u - a scroll of immolation {unknown}
 B - a scroll of fog {unknown}
 I - a scroll of enchant armour {unknown}
Potions
 d - 4 potions of might
 h - 4 potions of heal wounds
 k - a potion of invisibility
 o - 2 potions of brilliance
 q - a potion of magic
 w - 2 potions of curing
 x - 2 potions of haste
 A - a potion of ambrosia
 H - a potion of degeneration {unknown}


   Skills:
 + Level 9.6 Fighting
 + Level 7.8 Long Blades
 + Level 8.1 Armour
 + Level 2.1 Dodging
 + Level 8.1 Shields
 + Level 7.2 Invocations


You had 10 spell levels left.
You didn't know any spells.
Your spell library contained the following spells:

 Spells                   Type           Power      Damage    Failure   Level
 Animate Skeleton         Necr           0%         N/A       99%         1
 Apportation              Tloc           0%         N/A       99%         1
 Freeze                   Ice            0%         1d3       99%         1
 Sandblast                Erth           0%         2d4       99%         1
 Summon Small Mammal      Summ           0%         N/A       99%         1
 Ensorcelled Hibernation  Hex/Ice        0%         N/A       99%         2
 Passwall                 Tmut/Erth      0%         N/A       99%         2
 Frozen Ramparts          Ice            0%         1d2       100%        3
 Stone Arrow              Conj/Erth      0%         3d7       100%        3
 Swiftness                Air            0%         N/A       100%        3
 Hailstorm                Conj/Ice       0%         3d3       100%        4


Dungeon Overview and Level Annotations

Branches:
Dungeon (10/15)            Temple (1/1) D:4            Lair (0/6) D:8
    Orc (0/2) D:10          Sewer (visited)

Altars:
Hepliaklqana
Makhleb
The Shining One
Beogh


Innate Abilities, Weirdness & Mutations

You thrive by killing the living.
You are immune to poison.
You have sharp fingernails.
Your flesh is cold resistant. (rC+)
You are immune to negative energy. (rN+++)
You do not regenerate when monsters are visible.
You are immune to unholy pain and torment.


Message History

The kobold demonologist is heavily wounded.
The sixfirhy hits you! The sixfirhy shocks you!
The sixfirhy hits you but does no damage.
The sixfirhy hits you. The sixfirhy shocks you!
The kobold demonologist hits you but does no damage.
You closely miss the kobold demonologist.
The kobold demonologist is heavily wounded.
The sixfirhy hits you. The sixfirhy shocks you!
The sixfirhy hits you but does no damage.
The sixfirhy hits you! The sixfirhy shocks you!
The kobold demonologist hits you but does no damage.
You block the sixfirhy's attack.
The kobold demonologist casts a spell.
The kobold demonologist gestures wildly while chanting.
There is an open door here.
Unknown command.
There are monsters nearby!
The sixfirhy barely misses you. The sixfirhy hits you. The sixfirhy shocks you!
You block the sixfirhy's attack.
The sixfirhy hits you but does no damage.
The sixfirhy hits you! The sixfirhy shocks you!
* * * LOW HITPOINT WARNING * * *
The sixfirhy hits you but does no damage.
The kobold demonologist looks braver for a moment.
The sixfirhy barely misses you.
The kobold demonologist casts a cantrip, but nothing happens.
The sixfirhy closely misses you.
The sixfirhy hits you but does no damage.
The sixfirhy barely misses you.
The sixfirhy hits you but does no damage.
The kobold demonologist mumbles some strange words.
The ufetubus disappears in a puff of smoke!
The sixfirhy hits you!
* * * LOW HITPOINT WARNING * * *
The sixfirhy shocks you!
* * * LOW HITPOINT WARNING * * *
The sixfirhy misses you. The sixfirhy hits you!
* * * LOW HITPOINT WARNING * * *
The sixfirhy shocks you!
You die...

K. #..)## ##...#.... .#
####)###)######## #.# ### ##..[##
.. #####.# #.>)# . #.....#
##...## ####
####.########'###'#### ...###
#........#...#####...#+###
...'.###.5......#.8.......8.'...#
...#....K....5.3@...#####...#...#
...#####........##.## ###.##...#
...# #........>...# #........#
#### ##########.### #........#
#.# ######'### ####.# #.)# #....#
#####'## #.#### ####......#
######'### ###..'......#


You could see a sixfirhy (summoned), an iron imp (summoned) and a quasit
(summoned).

Vanquished Creatures
  A boulder beetle (D:7)
  A two-headed ogre (D:6)
  A deep elf pyromancer (D:9)
  Joseph (D:9)
  2 kobold demonologists
  Psyche (D:8)
  A komodo dragon (D:8)
  Sigmund (D:5)
  5 yaks
  A steam dragon (D:8)
  5 orc warriors
  A water moccasin (D:6)
  An ice beast (D:8)
  A sky beast (D:4)
  4 black bears
  An ogre (D:7)
  4 necrophages
  4 centaurs
  24 kobold brigands
  3 phantoms
  7 bullfrogs
  4 scorpions
  2 gnoll sergeants
  6 killer bees
  6 wights
  5 howler monkeys
  7 orc priests
  A jelly (D:7)
  3 hounds
  2 iguanas
  Natasha (thrice) (D:4)
  10 orc wizards
  Robin (D:4)
  8 gnolls
  3 river rats (D:3)
  10 adders
  6 white imps
  An ufetubus (D:6)
  A worm (D:3)
  3 dart slugs
  53 orcs
  5 bats
  4 endoplasms
  2 giant cockroaches
  16 goblins
  7 hobgoblins
  3 jackals (D:4)
  42 kobolds
  2 quokkas
  8 ball pythons
  A frilled lizard (D:3)
  10 rats
305 creatures vanquished.

Vanquished Creatures (others)
  33 plants
33 creatures vanquished.

Grand Total: 338 creatures vanquished

Notes
Turn   | Place    | Note
-------+----------+-------------------------------------------
     0 | D:1      | siradein the Ghoul Fighter began the quest for the Orb.
     0 | D:1      | Reached XP level 1. HP: 19/19 MP: 0/0
   184 | D:1      | Reached XP level 2. HP: 26/26 MP: 1/1
  1405 | D:3      | Reached XP level 3. HP: 33/33 MP: 2/2
  1716 | D:3      | Reached XP level 4. HP: 26/40 MP: 3/3
  1780 | D:3      | Found a glowing drain.
  1787 | Sewer    | Entered a sewer
  2177 | Sewer    | Reached skill level 4 in Fighting
  2306 | D:3      | Noticed a bullfrog
  2315 | D:3      | Killed a bullfrog
  2316 | D:3      | Reached XP level 5. HP: 37/46 MP: 4/4
  2525 | D:3      | Found a faded altar of an unknown god.
  2742 | D:3      | You fall into a shaft and drop 3 floors!
  2746 | D:6      | Noticed a centaur
  2762 | D:6      | Killed a centaur
  2763 | D:6      | Reached XP level 6. HP: 34/53 MP: 5/5
  3087 | D:6      | Noticed a necrophage
  3112 | D:6      | Killed a necrophage
  3113 | D:6      | Reached skill level 5 in Fighting
  3322 | D:6      | Noticed a two-headed ogre
  3325 | D:5      | Entered Level 5 of the Dungeon
  3325 | D:5      | Noticed Sigmund
  3338 | D:5      | Killed Sigmund
  3339 | D:5      | Reached XP level 7. HP: 49/61 MP: 6/6
  3777 | D:5      | Noticed a yak
  3777 | D:5      | Noticed a yak
  3779 | D:5      | Noticed a yak
  3782 | D:5      | Noticed a yak
  3797 | D:5      | Killed a yak
  3823 | D:5      | Killed a yak
  3824 | D:5      | Reached XP level 8. HP: 33/70 MP: 7/7
  3837 | D:5      | Reached skill level 5 in Shields
  3849 | D:5      | Killed a yak
  3850 | D:5      | Reached skill level 6 in Fighting
  3850 | D:5      | Reached skill level 5 in Armour
  4387 | D:4      | Found a staircase to the Ecumenical Temple.
  4394 | Temple   | Entered the Ecumenical Temple
  4483 | Temple   | Became a worshipper of Makhleb the Destroyer
  4603 | D:4      | Identified the +0 pair of gloves of Lesser Demons {Harm
                  | rElec rC- Str+4}
  4794 | D:4      | Reached skill level 5 in Long Blades
  4794 | D:4      | Reached skill level 1 in Invocations
  4928 | D:4      | Noticed Natasha
  4931 | D:4      | Noticed Robin
  4940 | D:4      | Killed Natasha
  4987 | D:4      | Killed Robin
  5001 | D:4      | Noticed Natasha
  5016 | D:4      | Killed Natasha
  5033 | D:4      | Noticed Natasha
  5040 | D:4      | Killed Natasha
  5303 | D:4      | Reached XP level 9. HP: 78/78 MP: 9/9
  5514 | D:3      | Reached * piety under Makhleb
  6237 | D:5      | Reached skill level 7 in Fighting
  7306 | D:6      | Killed a two-headed ogre
  8005 | D:6      | Reached XP level 10. HP: 76/88 MP: 12/12
  8152 | D:7      | Reached skill level 8 in Fighting
  8956 | D:6      | Reached skill level 5 in Invocations
  9851 | D:8      | Found a staircase to the Lair.
  9952 | D:7      | Reached ** piety under Makhleb
 10198 | D:8      | Noticed Psyche
 10276 | D:8      | Killed Psyche
 10399 | D:8      | Noticed a boulder beetle
 10772 | D:7      | Killed a boulder beetle
 11175 | D:8      | Noticed a kobold demonologist
 11190 | D:8      | Reached skill level 9 in Fighting
 11213 | D:8      | Killed a kobold demonologist
 11214 | D:8      | Reached XP level 11. HP: 72/97 MP: 10/14
 12871 | D:9      | Reached *** piety under Makhleb
 12920 | D:9      | Noticed Joseph
 12967 | D:9      | Killed Joseph
 12968 | D:9      | Reached skill level 1 in Dodging
 13452 | D:9      | Noticed a deep elf pyromancer
 13469 | D:9      | Killed a deep elf pyromancer
 13767 | D:10     | Entered Level 10 of the Dungeon
 14000 | D:10     | Reached **** piety under Makhleb
 14153 | D:10     | Found a staircase to the Orcish Mines.
 14433 | D:10     | Noticed a sixfirhy
 14453 | D:10     | HP: 2/99 [sixfirhy[a kobold demonologist] (7)]
 14453 | D:10     | Mangled by a sixfirhy

Illustrated notes

Levels and vault maps discovered:
D:1:      minmay_arrival_glassed_features, layout_basic
D:2:      layout_rooms
D:3:      layout_rooms, ebering_ecumenical_altar_mist,
          lightli_sewer_entry_pipes, guppyfry_early_lair_pool
D:4:      layout_gridville, minmay_temple_entry_trees, kennysheep_orc_chapel,
          uniq_natasha, uniq_robin
D:5:      layout_basic, uniq_sigmund
D:6:      layout_basic, nicolae_tso_swordbearing_angel, minmay_misc_feat_iff
D:7:      nicolae_cairo_tiling, layout_layer_cave, minivault_23
D:8:      minmay_octagon_keep, layout_basic, david_lair_shrubbed, uniq_psyche
D:9:      layout_basic, uniq_joseph
D:10:     layout_roguey [special_room_kobold], hiddenorc2_lemuel
Temple:   mainiacjoe_temple_trianglar_array

Skill      XL: |  1  2  3  4  5  6  7  8  9 10 11 |
---------------+----------------------------------+-----
Long Blades    | 2 3 4 5 6 7 |  7.8
Armour         | 3 4 5 6 7 8 |  8.1
Shields        | 3 4 5 6 7 8 |  8.1
Fighting       | 4 5 6 7 9 |  9.6
Invocations    | 2 4 6 7 |  7.2
Dodging        | 2 |  2.1

Action                   |  1- 3 |  4- 6 |  7- 9 | 10-12 || total
-------------------------+-------+-------+-------+-------++-------
Melee: Long sword        |    74 |    14 |   210 |   341 ||   639
       Short sword       |    44 |   178 |   236 |   695 ||  1153
  Use: Scroll            |       |       |     8 |     3 ||    11
Armor: Scale mail        |     4 |    29 |   279 |   398 ||   710
       Ring mail         |    43 |    72 |       |       ||   115
       Chain mail        |       |       |       |    10 ||    10
Dodge: Dodged            |    56 |   103 |   178 |   536 ||   873
Block: Buckler           |    21 |    36 |   114 |   235 ||   406

Table legend: (Time is in decaauts)
 A = Elapsed time spent in this place.
 B = Non-inter-level travel time spent in this place.
 C = Inter-level travel time spent in this place.
 D = Time resting spent in this place.
 E = Time spent auto-exploring this place.
 F = Levels seen in this place.
 G = Mean time per level.
                   A        B        C        D        E       F      G
               +--------+--------+--------+--------+--------+-----+--------+
         Total |  14558 |  14335 |    223 |   2651 |   8184 |  12 | 1213.2 |
       Dungeon |  13918 |  13695 |    223 |   2651 |   7769 |  10 | 1391.8 |
        Temple |    145 |    145 |      0 |      0 |     85 |   1 |  145.0 |
         Sewer |    493 |    493 |      0 |      0 |    330 |   1 |  493.0 |
               +--------+--------+--------+--------+--------+-----+--------+

Top non-repeatable levels by time:
     D:7: 2189 daAuts
     D:8: 2172 daAuts
     D:6: 2124 daAuts
     D:5: 1550 daAuts
     D:4: 1236 daAuts
     D:3: 1232 daAuts
     D:9: 1149 daAuts
     D:1: 947 daAuts
     D:2: 667 daAuts
    D:10: 650 daAuts
   Sewer: 493 daAuts
  Temple: 145 daAuts
